 Dungeon Crawl Stone Soup version 0.18-b1-16-g289874d (webtiles) character file.

975 jacquesderrida the Slasher (level 7, 0/50 HPs)
             Began as a High Elf Necromancer on May 1, 2016.
             Was an Initiate of Okawaru.
             Slain by an iguana (7 damage)
             ... on level 6 of the Dungeon.
             The game lasted 00:24:12 (3087 turns).

jacquesderrida the Slasher (High Elf Necromancer)   Turns: 3087, Time: 00:24:13

Health: 0/50       AC:  5    Str:  7    XL:     7   Next: 95%
Magic:  11/11      EV: 13    Int: 21    God:    Okawaru [......]
Gold:   221        SH:  0    Dex: 16    Spells: 3 memorised, 4 levels left

rFire  . . .     SeeInvis .     w - +0 falchion
rCold  . . .     Gourm    .     x - +0 leather armour
rNeg   . . .     Faith    .     (no shield)
rPois  .         Spirit   .     (no helmet)
rElec  .         Dismiss  .     (no cloak)
rCorr  .         Reflect  .     g - +1 pair of gloves
SustAt .         Harm     .     (no boots)
MR     .....                    (no amulet)
Stlth  ++........               (no ring)
                                (no ring)

@: about to teleport, not resistant to hostile enchantments, unstealthy
A: no striking features
a: Renounce Religion


You were on level 6 of the Dungeon.
You worshipped Okawaru.
Okawaru was noncommittal.
You were hungry.

You visited 2 branches of the dungeon, and saw 8 of its levels.

You collected 221 gold pieces.

Inventory:

Hand Weapons
 a - a +1 short sword of speed
 e - a cursed -3 shortbow
 w - a +0 falchion (weapon)
Missiles
 f - 15 arrows
 k - 11 sling bullets
 o - 28 stones (quivered)
 y - 4 curare-tipped needles
Armour
 d - a +0 ring mail
 g - a +1 pair of gloves (worn)
 x - a +0 leather armour (worn)
 A - a +0 buckler
Jewellery
 r - a +3 ring of evasion {unknown}
Wands
 m - a wand of flame (0/48)
 p - a wand of digging (3/24)
 q - a wand of polymorph (0/24)
Scrolls
 j - a scroll of fear {unknown}
 l - 2 scrolls of recharging {unknown}
 n - 2 scrolls of magic mapping {unknown}
 s - a scroll of enchant armour {unknown}
 v - a scroll of enchant weapon
Books
 b - a book of Necromancy

   Spells                             Type                      Level
   a - Pain                           Necromancy                   1
   b - Animate Skeleton               Necromancy                   1
   c - Vampiric Draining              Necromancy                   3
   d - Regeneration                   Charms/Necromancy            3
   e - Animate Dead                   Necromancy                   4
   f - Control Undead                 Necromancy                   4
 t - a book of Death

   Spells                             Type                      Level
   a - Corpse Rot                     Necromancy                   2
   b - Sublimation of Blood           Necromancy                   2
   c - Agony                          Necromancy                   5
   d - Dispel Undead                  Necromancy                   5
   e - Excruciating Wounds            Charms/Necromancy            5
   f - Bolt of Draining               Conjuration/Necromancy       5
Comestibles
 c - 3 bread rations
 i - 2 meat rations
 z - a slice of pizza


   Skills:
 + Level 5.4 Fighting
 + Level 5.6 Long Blades
 - Level 3.6 Dodging
 - Level 2.1 Stealth
 - Level 2.4 Spellcasting
 - Level 3.2 Charms
 - Level 4.3 Necromancy


You had 4 spell levels left.
You knew the following spells:

 Your Spells              Type           Power        Failure   Level  Hunger
a - Pain                  Necr           ###.         4%          1    None
b - Corpse Rot            Necr           N/A          8%          2    ##.....
r - Regeneration          Chrm/Necr      ###.......   17%         3    ###....


Dungeon Overview and Level Annotations

Branches:
Dungeon (7/15)             Temple (1/1) D:6

Altars:
Dithmenos
Elyvilon
Gozag
Kikubaaqudgha
Makhleb
Okawaru
Pakellas
Ru
Sif Muna
Xom
Yredelemnul
Zin
The Shining One

Annotations:
D:4 exclusion: water moccasin


Message History

The iguana bites you!
You hit the iguana.
The iguana is moderately wounded.
The iguana bites you!
* * * LOW HITPOINT WARNING * * *
You hit the iguana.
The iguana is heavily wounded.
The iguana bites you!
* * * LOW HITPOINT WARNING * * *
Unknown command.
The iguana barely misses you.
Unknown command.
Read which item? (? for menu, Esc to quit)
Okay, then.
Read which item? (? for menu, Esc to quit)
As you read the scroll of teleportation, it crumbles to dust.
You feel strangely unstable.
Your skin stops crawling.
The iguana bites you!
You die...

# #..
#..##.##..###.# #
#.## ##............#
#
#..###..............
##
#...#...####.#.#...
.#######.##.#.## #.#
# # ..........)...#
#.# .############.#
#.# ## #.#####w#
#...@l..# #########


You could see a worm and an iguana.

Vanquished Creatures
  2 phantoms
  A centaur (D:7)
  4 giant frogs
  A crimson imp (D:5)
  2 hounds
  An orc priest (D:7)
  A jelly (D:7)
  A centaur skeleton (D:6)
  5 orc wizards
  A worker ant (D:5)
  An iguana (D:4)
  3 gnolls (D:4)
  4 adders
  2 shadow imps
  A worm (D:2)
  A giant gecko (D:3)
  8 orcs
  A giant cockroach (D:4)
  3 goblins
  4 hobgoblins (D:1)
  2 jackals (D:1)
  2 kobolds (D:2)
  A quokka (D:4)
  4 bats
  4 giant newts
  A rat (D:1)
61 creatures vanquished.

Vanquished Creatures (others)
  Menkaure (D:5)
1 creature vanquished.

Grand Total: 62 creatures vanquished

Notes
Turn   | Place    | Note
--------------------------------------------------------------
     0 | D:1      | jacquesderrida the High Elf Necromancer began the quest for the Orb.
     0 | D:1      | Reached XP level 1. HP: 11/11 MP: 4/4
    83 | D:1      | Reached skill level 1 in Fighting
   118 | D:1      | Reached XP level 2. HP: 6/18 MP: 1/6
   326 | D:2      | Found a burning altar of Makhleb.
   612 | D:3      | Found a shimmering altar of Xom.
   723 | D:3      | Found a white marble altar of Elyvilon.
   803 | D:4      | Noticed a water moccasin
   845 | D:4      | HP: 1/20 [gnoll/halberd (7)]
   856 | D:4      | Reached XP level 3. HP: 3/25 MP: 0/7
   861 | D:4      | Learned a level 3 spell: Regeneration
  1070 | D:4      | Reached XP level 4. HP: 30/30 MP: 8/8
  1165 | D:5      | Entered Level 5 of the Dungeon
  1169 | D:5      | Noticed Menkaure
  1169 | D:5      | Killed Menkaure
  1286 | D:5      | Learned a level 2 spell: Corpse Rot
  1315 | D:5      | Reached XP level 5. HP: 15/35 MP: 5/9
  1451 | D:5      | Noticed a phantom
  1495 | D:5      | Killed a phantom
  1495 | D:5      | Reached skill level 1 in Charms
  1606 | D:5      | Reached XP level 6. HP: 28/42 MP: 3/10
  1720 | D:6      | Noticed an orc warrior
  1798 | D:6      | Reached skill level 1 in Long Blades
  1918 | D:6      | Noticed an orc warrior
  2109 | D:7      | Reached XP level 7. HP: 40/48 MP: 11/11
  2124 | D:7      | Noticed a yak
  2124 | D:7      | Noticed a human
  2407 | D:6      | Found a staircase to the Ecumenical Temple.
  2559 | D:7      | Reached skill level 5 in Fighting
  2559 | D:7      | Reached skill level 5 in Long Blades
  2619 | Temple   | Entered the Ecumenical Temple
  2663 | Temple   | Became a worshipper of Warmaster Okawaru
  2733 | D:6      | Noticed a steam dragon
  2733 | D:6      | a scorpion changed into a steam dragon
  2856 | D:7      | BLYAAAAA
  3087 | D:6      | Slain by an iguana

Skill      XL: |  1  2  3  4  5  6  7 |
---------------+----------------------+-----
Fighting       | 1 2 3 4 5 |  5.4
Dodging        | 3 |  3.6
Necromancy     | 4 |  4.3
Charms         | 2 3 |  3.2
Long Blades    | 3 5 |  5.6
Stealth        | |  2.1
Spellcasting   | |  2.4

Action                   |  1- 3 |  4- 6 |  7- 9 || total
-------------------------+-------+-------+-------++-------
Melee: Short sword       |    13 |    66 |       ||    79
       Unarmed           |     4 |    16 |       ||    20
       Falchion          |       |    72 |   149 ||   221
Throw: Stone             |     4 |       |     5 ||     9
 Cast: Pain              |    55 |    26 |     2 ||    83
       Regeneration      |     2 |    11 |    18 ||    31
       Corpse Rot        |       |     1 |       ||     1
Evoke: Wand              |       |    15 |    14 ||    29
  Use: Scroll            |     1 |     6 |     4 ||    11
       Potion            |     1 |     4 |     1 ||     6
 Stab: Sleeping          |       |     2 |       ||     2
       Distracted        |       |       |     1 ||     1
  Eat: Royal jelly       |     1 |       |       ||     1
       Pizza             |       |     1 |       ||     1
       Chunk             |       |     2 |     7 ||     9
Armor: Robe              |     9 |    14 |       ||    23
       Skin              |     2 |    20 |       ||    22
       Leather armour    |       |     9 |    35 ||    44
Dodge: Dodged            |    21 |   122 |    76 ||   219
